 Dungeon Crawl Stone Soup version 0.26-a0-660-gc07710193c (webtiles) character file.

Game seed: 12021481035515162035

95620 TigOlBitties the Eclecticist (level 15, 0/84 HPs)
             Began as a Deep Elf Air Elementalist on Oct 5, 2020.
             Was a High Priest of Vehumet.
             Shot with an arrow by Nessos (6 damage)
             ... on level 2 of the Orcish Mines on Oct 6, 2020.
             The game lasted 02:19:33 (55829 turns).

TigOlBitties the Eclecticist (DEAE)                Turns: 55829, Time: 02:19:34

Health: 0/84       AC:  7    Str:  6    XL:     15   Next: 66%
Magic:  22/40      EV: 15    Int: 32    God:    Vehumet [*****.]
Gold:   713        SH:  0    Dex: 10    Spells: 32/53 levels left

rFire    . . .     SeeInvis +   w - staff of air
rCold    . . .     Faith    .   (no shield)
rNeg     + + +     Spirit   .   a - +0 troll leather armour
rPois    .         Reflect  .   (no helmet)
rElec    +         Harm     .   (no cloak)
rCorr    .         Rampage  .   (no gloves)
MR       .....                  x - +2 pair of boots
Stlth    ++++......             W - amulet of magic regeneration
HPRegen  0.64/turn              L - ring "Narokhiq" {Wiz rElec rN+++ MR- Dex-5 SInv}
MPRegen  0.52/turn              Q - +6 ring of intelligence

@: lethally poisoned (0 -> -3)
A: no striking features
a: Renounce Religion


You were on level 2 of the Orcish Mines.
You worshipped Vehumet.
Vehumet was extremely pleased with you.
You visited 4 branches of the dungeon, and saw 23 of its levels.

You collected 2643 gold pieces.
You spent 1930 gold pieces at shops.

Inventory:

Hand Weapons
 D - the +9 dagger of the Thirsty Demons {vorpal, +Blink Dex+2}
   (You found it on level 7 of the Dungeon)

   It inflicts extra damage upon your enemies.
   It affects your dexterity (+2).
   It lets you blink.
 I - the +4 flail of Nuebubli {speed, +Fly MR- Str+8 Dex+2}
   (You found it on level 12 of the Dungeon)

   Attacks with this weapon are significantly faster.
   It affects your strength (+8).
   It affects your dexterity (+2).
   It affects your resistance to hostile enchantments.
   It lets you fly.
Missiles
 O - 8 curare-tipped darts (quivered)
Armour
 a - a +0 troll leather armour (worn)
 t - a +2 robe of magic resistance
 x - a +2 pair of boots (worn)
 S - a +1 robe of cold resistance
Magical Staves
 w - an uncursed staff of air (weapon)
 z - an uncursed staff of poison
 B - an uncursed staff of earth
Jewellery
 i - an uncursed amulet of regeneration
 l - an uncursed ring of stealth
 q - an uncursed ring of protection from magic
 A - an uncursed ring of poison resistance
 K - an uncursed ring of protection from fire
 L - the ring "Narokhiq" (left hand) {Wiz rElec rN+++ MR- Dex-5 SInv}
   (You found it on level 2 of the Lair of Beasts)

   [ring of wizardry]

   It improves your spell success rate.
   It affects your dexterity (-5).
   It insulates you from electricity.
   It renders you almost immune to negative energy.
   It affects your resistance to hostile enchantments.
   It lets you see invisible.
 M - an uncursed ring of fire
 Q - a +6 ring of intelligence (right hand)
 R - an uncursed ring of ice
 W - an amulet of magic regeneration (around neck)
Wands
 p - a wand of paralysis (10)
 C - a wand of polymorph (18)
 E - a wand of iceblast (27)
 G - a wand of acid (4)
 H - a wand of enslavement (2)
Scrolls
 c - 6 scrolls of teleportation
 e - 8 scrolls of enchant weapon
 f - 2 scrolls of fog
 h - 3 scrolls of identify
 j - 4 scrolls of amnesia
 k - 11 scrolls of remove curse
 u - 7 scrolls of magic mapping
 y - a scroll of fear
 U - a scroll of blinking
 V - a scroll of enchant armour
Potions
 b - 2 potions of flight
 d - 6 potions of curing
 g - 5 potions of heal wounds
 n - 5 potions of ambrosia
 r - 3 potions of magic
 s - 4 potions of mutation
 v - 5 potions of lignification
 F - a potion of brilliance
 J - 5 potions of stabbing
 N - 2 potions of haste
 P - a potion of might
 T - a potion of invisibility
Miscellaneous
 m - a lightning rod (1/4)
 o - a phantom mirror


   Skills:
 - Level 5.9 Fighting
 + Level 3.2 Armour
 - Level 10.0 Dodging
 - Level 11.2 Stealth
 + Level 19.8 Spellcasting
 - Level 9.6 Conjurations
 + Level 16.0 Air Magic


You had 32 spell levels left.
You knew the following spells:

 Your Spells              Type           Power        Failure   Level
a - Shock                 Conj/Air       ####         0%          1
b - Swiftness             Air            ########     0%          2
c - Airstrike             Air            ########..   0%          4
d - Lightning Bolt        Conj/Air       ########..   1%          5
e - Tornado               Air            ########..   24%         9

Your spell library contained the following spells:

 Spells                   Type           Power        Failure   Level
 Orb of Destruction       Conj           #######...   3%          7
 Animate Skeleton         Necr           ####..       1%          1
 Apportation              Tloc           ####..       1%          1
 Corona                   Hex            ####...      1%          1
 Summon Small Mammal      Summ           ####         1%          1
 Ensorcelled Hibernation  Hex/Ice        ####..       1%          2
 Confusing Touch          Hex            ####....     1%          3
 Dazzling Flash           Conj/Hex       ######       1%          3
 Static Discharge         Conj/Air       ########     1%          3
 Tukima's Dance           Hex            ####....     1%          3
 Summon Lightning Spire   Summ/Air       #######.     1%          4
 Silence                  Hex/Air        #######...   1%          5
 Conjure Ball Lightning   Conj/Air       ########..   1%          6


Dungeon Overview and Level Annotations

Branches:
Dungeon (14/15)            Temple (1/1) D:4            Lair (6/6) D:10
 Shoals (0/4) Lair:4        Snake (0/4) Lair:2        Slime (0/5) Lair:6
    Orc (2/2) D:11            Elf (0/3) Orc:2        Vaults (0/5) D:14

Altars:
Ashenzari
Cheibriados
Dithmenos
Elyvilon
Fedhas
Gozag
Hepliaklqana
Kikubaaqudgha
Makhleb
Nemelex Xobeh
Okawaru
Qazlal
Ru
Sif Muna
Trog
Uskayaw
Vehumet
Wu Jian
Xom
Yredelemnul
Zin
The Shining One
Jiyva

Shops:
D:4 =   D:5 :   D:7 ?   Orc:1 :

Portals:
Abyss: Lair:6
Trove: D:14 (give 6 scrolls of fear)

Annotations:
D:9 1 runed translucent door
Lair:6 2 transporters, dickylongcocking's ghost, journeyman MiFi
Orc:2 Nessos


Message History

The air twists around and strikes Nessos!
Nessos is moderately wounded.
Nessos shoots an arrow.
The arrow hits you! The arrow burns you.
You are poisoned.
You feel sick.
Nessos shoots an arrow.
The arrow misses you.
You feel better.
Nessos shoots an arrow.
The arrow hits you!! The arrow burns you.
Nessos blinks!
Casting: Airstrike (safe; 0% risk of failure)
Confirm with . or Enter, or press ? or * to list all spells.
Aiming: Airstrike (safe; 0% risk of failure)
Press: ? - help, Dir - move target cursor, f/p - Nessos
Aim: Nessos, wielding a +3 longbow of flaming, wearing a +2 ring mail of fire resistance and quivering 19 arrows (moderately wounded, fast)
You feel a surge of power!
The air twists around and strikes Nessos but does no damage.
Nessos shoots an arrow.
The arrow hits you. The arrow burns you.
You are poisoned.
Nessos shoots an arrow.
The arrow hits you!!
* * * LOW HITPOINT WARNING * * *
The arrow burns you.
You die...

........................#.#......
...#.............................
.. ....................#..##.....
###...................#...#.#....
##.#.............#....#..........
...............####....).......#.
.............#######..[))o.oo....
..............#..####..).o.######
.........###.#.(@.#.#.)##.##
....#.........)..())o..####
##..)........##.#.#...##
##)........#########c##
..)..#.##...# ### ....).###...#
...#.## #...# #.)..## ##.##
#.....##....


You could see Nessos (fast) and an orc.

Vanquished Creatures
  An orc warlord (Orc:2)
  An ironheart preserver (D:14)
  A fire dragon (Lair:6)
  Fannar (D:12)
  Josephine (Lair:5)
  Erolcha (D:9)
  Erica (Orc:1)
  2 catoblepae
  10 hydras
  4 boulder beetles
  11 two-headed ogres
  11 death yaks
  2 tengu warriors (D:10)
  A queen ant (Lair:2)
  Urug (Lair:4)
  Sonja (Lair:5)
  Nergalle (Lair:3)
  12 slime creatures
  An unseen horror (D:12)
  An orange crystal statue (D:9)
  A lindwurm (Lair:6)
  An orc sorcerer (Orc:1)
  8 ugly things
  2 manticores
  A cyclops (D:14)
  Maurice (D:11)
  7 black mambas
  A torpor snail (Lair:6)
  14 elephants
  A gargoyle (D:13)
  2 molten gargoyles (Lair:6)
  6 cane toads
  6 rime drakes
  4 kobold demonologists
  10 komodo dragons
  4 polar bears
  A queen bee (Lair:2)
  A polar bear (shapeshifter) (D:14)
  2 hornets (D:11)
  4 trolls
  A wind drake (Lair:4)
  14 blink frogs
  Sigmund (D:4)
  3 shadows
  7 wraiths
  4 fire bats (Lair:2)
  A redback (shapeshifter) (D:14)
  3 vampires
  8 wyverns
  65 yaks
  A fire elemental (D:14)
  3 vampire mosquitoes (D:14)
  8 basilisks
  4 steam dragons
  A warg (Orc:1)
  3 nagas (Lair:2)
  5 soldier ants (Lair:2)
  16 water moccasins
  4 hell hounds (Lair:6)
  2 black bears
  10 orc warriors
  3 sky beasts
  A hornet zombie (D:13)
  An eye of draining (D:12)
  7 ice beasts
  2 phantoms
  10 centaurs
  14 wolves
  6 ogres
  2 big kobolds
  26 bullfrogs
  5 scorpions
  2 wyvern skeletons
  2 troll zombies (D:11)
  30 killer bees
  35 wights
  4 electric eels
  2 howler monkeys
  5 lava snakes
  20 hounds
  4 centaur zombies
  A centaur skeleton (D:5)
  6 bullfrog skeletons
  3 bullfrog zombies
  4 jellies
  10 orc priests
  14 orc wizards
  16 worker ants
  Natasha (thrice) (D:3)
  4 iguanas
  6 hell rats (Lair:3)
  6 ogre zombies (D:11)
  A hound skeleton (D:5)
  2 worker ant zombies
  A howler monkey zombie (D:8)
  3 gnolls (Orc:1)
  18 adders
  A howler monkey skeleton (D:4)
  2 river rats (Lair:2)
  2 white imps
  3 ufetubi
  9 worms
  A dart slug (D:1)
  3 leopard geckos
  53 orcs
  3 giant cockroaches
  5 goblins
  14 hobgoblins
  5 jackals (D:1)
  6 quokkas
  A ball python (D:3)
  6 bats
  4 frilled lizards
  3 goblin skeletons (D:11)
  A goblin zombie (D:11)
  A hobgoblin skeleton (D:11)
  3 hobgoblin zombies (D:11)
  14 kobolds
  A leopard gecko zombie (D:8)
  2 orc skeletons (D:11)
  15 orc zombies (D:11)
  2 quokka skeletons
  6 rats
751 creatures vanquished.

Vanquished Creatures (others)
  2 bushes (Lair:6)
  68 fungi
  70 plants
  2 withered plants (D:4)
142 creatures vanquished.

Grand Total: 893 creatures vanquished

Notes
Turn   | Place    | Note
-------+----------+-------------------------------------------
     0 | D:1      | TigOlBitties the Deep Elf Air Elementalist began the quest
                  | for the Orb.
     0 | D:1      | Reached XP level 1. HP: 10/10 MP: 6/6
   918 | D:1      | Reached XP level 2. HP: 15/15 MP: 6/8
  1879 | D:2      | Reached XP level 3. HP: 19/19 MP: 7/10
  1883 | D:2      | Learned a level 2 spell: Swiftness
  2270 | D:2      | Reached skill level 4 in Spellcasting
  2755 | D:2      | Reached XP level 4. HP: 24/24 MP: 10/12
  3773 | D:3      | Noticed a bullfrog
  3787 | D:3      | Killed a bullfrog
  3787 | D:3      | Reached XP level 5. HP: 18/28 MP: 10/14
  3970 | D:3      | Noticed Natasha
  3979 | D:3      | Killed Natasha
  3979 | D:3      | Reached skill level 5 in Spellcasting
  4097 | D:3      | Noticed Natasha
  4104 | D:3      | Killed Natasha
  4333 | D:3      | Noticed Natasha
  4343 | D:3      | HP: 1/28 [Natasha (9)]
  4346 | D:3      | Killed Natasha
  4485 | D:3      | Reached XP level 6. HP: 32/32 MP: 12/16
  5316 | D:4      | Found Vuarph's Jewellery Emporium.
  5419 | D:4      | Found a staircase to the Ecumenical Temple.
  5432 | Temple   | Entered the Ecumenical Temple
  5759 | D:4      | Found a hide-covered altar of Uskayaw.
  5927 | D:4      | Noticed Sigmund
  5938 | D:4      | Learned a level 4 spell: Airstrike
  5946 | D:4      | Killed Sigmund
  5946 | D:4      | Reached skill level 6 in Spellcasting
  5946 | D:4      | Reached skill level 5 in Air Magic
  5946 | D:4      | Reached XP level 7. HP: 36/36 MP: 0/18
  6422 | D:4      | Reached skill level 5 in Conjurations
  6523 | D:4      | Found an ancient bone altar of Kikubaaqudgha.
  7158 | D:5      | Entered Level 5 of the Dungeon
  7999 | D:5      | Reached skill level 7 in Spellcasting
  8345 | D:5      | Found Joyzaca's Book Shop.
  9428 | D:6      | Reached XP level 8. HP: 41/41 MP: 8/21
  9519 | D:6      | Found an opulent altar of Gozag.
  9682 | D:6      | Found a radiant altar of Vehumet.
  9696 | D:6      | Became a worshipper of Vehumet
  9868 | D:6      | Reached skill level 8 in Spellcasting
 10368 | D:6      | Found a glowing golden altar of the Shining One.
 11178 | D:6      | Reached skill level 9 in Spellcasting
 11705 | D:7      | Found Sammor's Magic Scroll Shop.
 12068 | D:7      | Got a bloodstained dagger
 12069 | D:7      | Identified the +9 dagger of the Thirsty Demons {vorpal,
                  | +Blink Dex+2} (You found it on level 7 of the Dungeon)
 12173 | D:7      | Reached XP level 9. HP: 45/45 MP: 7/24
 12436 | D:7      | Learned a level 5 spell: Lightning Bolt
 12650 | D:7      | Reached skill level 1 in Fighting
 12893 | D:7      | Reached skill level 10 in Spellcasting
 13261 | D:7      | Found a hazy altar of Hepliaklqana.
 14228 | D:8      | Reached * piety under Vehumet
 14228 | D:8      | Offered knowledge of Magic Dart by Vehumet.
 15074 | D:8      | Reached skill level 11 in Spellcasting
 16034 | D:9      | Found a runed translucent door.
 16047 | D:9      | Noticed an orange crystal statue
 16055 | D:9      | Found a runed translucent door.
 16061 | D:9      | Found a runed translucent door.
 16069 | D:9      | Found a runed translucent door.
 16075 | D:9      | Noticed Erolcha
 16126 | D:8      | Reached XP level 10. HP: 37/56 MP: 20/27
 16387 | D:9      | Killed Erolcha
 16471 | D:9      | Found a shimmering altar of Xom.
 16471 | D:9      | Noticed a two-headed ogre
 16487 | D:9      | Killed a two-headed ogre
 16590 | D:10     | Entered Level 10 of the Dungeon
 16684 | D:9      | Offered knowledge of Foxfire by Vehumet.
 16800 | D:9      | Reached ** piety under Vehumet
 17213 | D:10     | Noticed a two-headed ogre
 17217 | D:10     | Killed a two-headed ogre
 17217 | D:10     | Reached skill level 5 in Fighting
 17217 | D:10     | Reached skill level 12 in Spellcasting
 17646 | D:10     | Noticed a two-headed ogre
 17653 | D:10     | Killed a two-headed ogre
 17653 | D:10     | Reached skill level 10 in Air Magic
 18638 | D:10     | Reached XP level 11. HP: 64/64 MP: 22/29
 18896 | D:10     | Found a staircase to the Lair.
 19192 | D:10     | Noticed a tengu warrior
 19196 | D:10     | Noticed a tengu warrior
 19417 | D:10     | Reached skill level 13 in Spellcasting
 19678 | D:10     | Killed a tengu warrior
 20073 | D:10     | Killed a tengu warrior
 20276 | Lair:1   | Entered Level 1 of the Lair of Beasts
 20998 | Lair:1   | Reached skill level 5 in Dodging
 21173 | Lair:1   | You fall into a shaft and drop 1 floor!
 21176 | Lair:2   | Noticed a boulder beetle
 21472 | Lair:1   | Noticed a six-headed hydra
 21478 | Lair:1   | Killed a six-headed hydra
 21634 | Lair:1   | Noticed a six-headed hydra
 21639 | Lair:1   | Killed a six-headed hydra
 21639 | Lair:1   | Reached skill level 14 in Spellcasting
 22120 | D:11     | Noticed a six-headed hydra
 22126 | D:11     | Killed a six-headed hydra
 22228 | D:11     | Noticed a white ugly thing
 22342 | D:11     | Noticed a purple ugly thing
 22348 | D:11     | Killed a purple ugly thing
 22461 | D:11     | Offered knowledge of Frozen Ramparts by Vehumet.
 22461 | D:11     | Reached XP level 12. HP: 69/69 MP: 26/32
 22490 | D:11     | Noticed a two-headed ogre
 22495 | D:11     | Killed a two-headed ogre
 23382 | D:11     | Reached *** piety under Vehumet
 23672 | D:11     | Offered knowledge of Sticky Flame by Vehumet.
 24475 | D:11     | Found a staircase to the Orcish Mines.
 24476 | D:11     | Noticed Maurice
 24481 | D:11     | Killed Maurice
 24556 | D:11     | Reached skill level 15 in Spellcasting
 24929 | D:11     | Noticed a seven-headed hydra
 24934 | D:11     | Killed a seven-headed hydra
 25200 | D:11     | Reached **** piety under Vehumet
 25210 | D:11     | Offered knowledge of Conjure Flame by Vehumet.
 26628 | Lair:2   | Killed a boulder beetle
 27089 | Lair:2   | Noticed a queen ant
 27378 | Lair:2   | Found a staircase to the Snake Pit.
 27760 | Lair:2   | Reached ***** piety under Vehumet
 27760 | Lair:2   | Offered knowledge of Iron Shot by Vehumet.
 28584 | Lair:2   | Killed a queen ant
 28584 | Lair:2   | Reached skill level 10 in Dodging
 29141 | Lair:2   | Reached skill level 16 in Spellcasting
 29141 | Lair:2   | Reached XP level 13. HP: 74/74 MP: 24/35
 29975 | Lair:2   | Got a slimy silver ring
 29979 | Lair:2   | Identified the ring "Narokhiq" {Wiz rElec rN+++ MR- Dex-5
                  | SInv} (You found it on level 2 of the Lair of Beasts)
 30975 | D:5      | Bought a book of the Sky for 780 gold pieces
 30985 | D:5      | Learned a level 9 spell: Tornado
 32382 | Lair:3   | Reached skill level 5 in Stealth
 32625 | Lair:3   | Noticed Nergalle
 32633 | Lair:3   | Killed Nergalle
 33253 | Lair:4   | Found a staircase to the Shoals.
 33863 | Lair:4   | Noticed Urug
 33872 | Lair:4   | Killed Urug
 35033 | Lair:4   | Reached skill level 17 in Spellcasting
 37046 | Lair:5   | Noticed Sonja
 37048 | Lair:5   | Killed Sonja
 38297 | Lair:5   | Identified a scroll of acquirement
 38297 | Lair:5   | Acquired an uncursed staff of air
 38508 | Lair:5   | Found an ancient bone altar of Kikubaaqudgha.
 38851 | Lair:5   | Reached XP level 14. HP: 79/79 MP: 25/37
 39408 | Lair:6   | Entered Level 6 of the Lair of Beasts
 39584 | Lair:6   | Found a staircase to the Slime Pits.
 39768 | Lair:6   | Found a transporter.
 39775 | Lair:6   | Found a transporter.
 39855 | Lair:6   | Found a one-way gate to the infinite horrors of the Abyss.
 39862 | Lair:6   | Identified the +9 spear of Bagraidugromm {distort, +Blink
                  | +Rage MR- Dex+4}
 39876 | Lair:6   | Noticed dickylongcocking's ghost (journeyman MiFi)
 39903 | Lair:6   | Offered knowledge of Fulminant Prism by Vehumet.
 40267 | Lair:6   | Found a viscous altar of Jiyva.
 40823 | Lair:6   | Noticed Josephine
 40860 | Lair:6   | Reached skill level 10 in Stealth
 41346 | D:4      | Bought a +6 ring of intelligence for 760 gold pieces
 41600 | Lair:6   | Reached skill level 18 in Spellcasting
 42163 | Lair:6   | Found a large runed translucent door.
 42164 | Lair:6   | Found a large runed translucent door.
 42802 | Lair:5   | Killed Josephine
 43847 | Lair:6   | Reached skill level 15 in Air Magic
 46738 | D:12     | Reached XP level 15. HP: 84/84 MP: 22/39
 46930 | D:12     | Noticed Fannar
 46936 | D:12     | Killed Fannar
 46941 | D:12     | Reached skill level 19 in Spellcasting
 47744 | D:12     | Got a slimy flail
 47747 | D:12     | Identified the +4 flail of Nuebubli {speed, +Fly MR- Str+8
                  | Dex+2} (You found it on level 12 of the Dungeon)
 47761 | D:12     | Offered knowledge of Yara's Violent Unravelling by Vehumet.
 49873 | D:13     | Found a blossoming altar of Fedhas.
 51634 | D:14     | Reached skill level 1 in Armour
 52473 | D:14     | Found a gate to the Vaults.
 52822 | D:14     | Found a portal to a secret trove of treasure.
 53324 | D:4      | Bought an uncursed amulet of magic regeneration for 390
                  | gold pieces
 54047 | D:11     | Offered knowledge of Orb of Destruction by Vehumet.
 54155 | Orc:1    | Entered Level 1 of the Orcish Mines
 54590 | Orc:1    | Noticed Erica
 54601 | Orc:1    | Killed Erica
 54651 | Orc:1    | Found Warafoad's Book Emporium.
 55323 | Orc:2    | Entered Level 2 of the Orcish Mines
 55707 | Orc:2    | Found a staircase to the Elven Halls.
 55781 | Orc:2    | Noticed an orc warlord
 55814 | Orc:2    | Killed an orc warlord
 55824 | Orc:2    | Noticed Nessos
 55829 | Orc:2    | Shot with an arrow by Nessos

Illustrated notes

Levels and vault maps discovered:
D:1:      lightli_arrival_isolated_outpost, layout_rooms, minmay_statues_item
D:2:      layout_basic
D:3:      layout_loops_ring, lightli_sewer_entry_pipes, uniq_natasha
D:4:      layout_loops_corners, nicolae_overflow_crystal_walls,
          kiku_gazebo_garden_becter, minmay_temple_entry_glass, serial_shops,
          shop, uniq_sigmund
D:5:      layout_loops_ring, serial_shops, nicolae_shop_crystal
D:6:      layout_basic, lemuel_crystal_altar, grunt_gozag_breadcrumbs,
          tso_metal_star
D:7:      layout_cave_pods, kennysheep_mini, serial_shops, nicolae_shop_crystal
D:8:      layout_basic
D:9:      layout_roguey, brannock_xom_greatest_gift,
          minmay_statue_crystal_thing, uniq_erolcha
D:10:     layout_roguey, erik_lair_island, eino_small_chamber_without_monster,
          grunt_tough_drop
D:11:     minmay_goldmine, layout_small_grid, zombieorc2_lemuel, uniq_maurice
D:12:     layout_loops_cross, uniq_fannar
D:13:     layout_basic, fedhas_bush_and_centaur_altar
D:14:     layout_irregular_city, skrybe_vaults_entry_preservation,
          nicolae_trove_entry_free_sample, nicolae_lava_and_water
Temple:   regret_index_temple_sphere_string
Lair:1:   layout_hall_layers
Lair:2:   regret_index_wax_grids, layout_gridlike,
          minmay_snake_entry_guardpost_small, wad_woods_antlair
Lair:3:   layout_regular_city, cheibrodos_lair_lostbears, uniq_nergalle
Lair:4:   layout_cave_pods, minmay_shoals_entry_beasts,
          nicolae_lair_grove_arrangements, uniq_urug
Lair:5:   layout_regular_city, lemuel_centaur_altar, infiniplex_staircase_pool,
          uniq_sonja
Lair:6:   cheibrodos_lair_end_hotspot, layout_misc_corridors, slime_altar_1,
          gauntlet_entry_generic, gammafunk_ghost_abyssal_escape, ldierk_geyser,
          uniq_josephine
Orc:1:    layout_caves, serial_shops, shop, uniq_erica
Orc:2:    st_orc_congregation, layout_caves, uniq_nessos

Skill      XL: |  1  2  3  4  5  6  7  8  9 10 11 12 13 14 15 |
---------------+----------------------------------------------+-----
Conjurations   | 2 3 4 5 7 8 9 |  9.6
Spellcasting   | 4 5 6 7 9 11 12 14 16 17 18 19 | 19.8
Air Magic      | 4 5 6 7 8 10 11 12 14 15 16 | 16.0
Fighting       | 3 5 |  5.9
Dodging        | 7 10 | 10.0
Stealth        | 8 11 | 11.2
Armour         | 3 |  3.2

Action                   |  1- 3 |  4- 6 |  7- 9 | 10-12 | 13-15 || total
-------------------------+-------+-------+-------+-------+-------++-------
Melee: Unarmed           |     5 |       |       |       |       ||     5
       Dagger            |       |     7 |       |     4 |    10 ||    21
       Staff             |       |       |       |       |    17 ||    17
Throw: Dart              |       |       |       |       |     2 ||     2
 Cast: Shock             |    98 |   112 |     7 |    22 |     2 ||   241
       Airstrike         |       |     3 |   194 |   423 |   753 ||  1373
       Swiftness         |       |       |     1 |     2 |     4 ||     7
       Lightning Bolt    |       |       |       |     6 |    96 ||   102
Evoke: Wand              |       |       |       |       |     2 ||     2
       Lightning rod     |       |       |       |       |     3 ||     3
  Use: Scroll            |       |     1 |     3 |    18 |    22 ||    44
       Potion            |       |       |       |       |     2 ||     2
 Stab: Sleeping          |       |       |       |       |     1 ||     1
Armor: Robe              |     8 |     2 |     8 |    21 |    15 ||    54
       Troll leather arm |       |       |       |       |    28 ||    28
Dodge: Dodged            |    21 |    26 |    29 |    71 |   186 ||   333

Table legend: (Time is in decaauts)
 A = Elapsed time spent in this place.
 B = Non-inter-level travel time spent in this place.
 C = Inter-level travel time spent in this place.
 D = Time resting spent in this place.
 E = Time spent auto-exploring this place.
 F = Levels seen in this place.
 G = Mean time per level.
                   A        B        C        D        E       F      G
               +--------+--------+--------+--------+--------+-----+--------+
         Total |  55982 |  53581 |   2401 |  31157 |   6107 |  23 | 2434.0 |
       Dungeon |  34179 |  32567 |   1612 |  19257 |   3715 |  14 | 2441.4 |
        Temple |    148 |    148 |      0 |      0 |    123 |   1 |  148.0 |
          Lair |  20341 |  19553 |    788 |  11417 |   2115 |   6 | 3390.2 |
  Orcish Mines |   1312 |   1312 |      0 |    483 |    154 |   2 |  656.0 |
               +--------+--------+--------+--------+--------+-----+--------+

Top non-repeatable levels by time:
  Lair:6: 4521 daAuts
  Lair:2: 4399 daAuts
    D:10: 4365 daAuts
    D:11: 3755 daAuts
  Lair:4: 3387 daAuts
    D:14: 3205 daAuts
  Lair:5: 3180 daAuts
  Lair:3: 3123 daAuts
     D:6: 2613 daAuts
     D:8: 2430 daAuts
    D:13: 2384 daAuts
     D:7: 2325 daAuts
     D:2: 2227 daAuts
     D:4: 2081 daAuts
     D:5: 2077 daAuts
